 Dungeon Crawl Stone Soup version 0.17.0-15-g6d90897 (webtiles) character file.

2287 4thArraOfDagon the Cleaver (level 9, 21/48 HPs)
             Began as a Vine Stalker Berserker on Nov 10, 2015.
             Was a Priest of Trog.
             Starved to death
             ... while paralysed
             ... on level 11 of the Dungeon.
             The game lasted 00:10:25 (1954 turns).

4thArraOfDagon the Cleaver (Vine Stalker Berserker) Turns: 1954, Time: 00:10:26

Health: 21/48      AC:  4    Str: 23    XL:     9   Next: 39%
Magic:  6/11       EV:  2    Int:  7    God:    Trog [***...]
Gold:   279        SH:  0    Dex: 11    Spells: 0 memorised, 8 levels left

rFire  . . .     SeeInvis +     w - +0 war axe
rCold  . . .     Rnd*Rage +     h - +0 ring mail (curse)
rNeg   . . .     SustAt   .     (no shield)
rPois  .         Gourm    .     (helmet restricted)
rElec  .         Spirit   +     (no cloak)
rCorr  .         Warding  .     (no gloves)
rMut   .         Stasis   .     r - +0 pair of boots
MR     +....                    (no amulet)
Stlth  +.........               (no ring)
                                d - -3 ring of dexterity (curse)

@: paralysed, fainting, somewhat resistant to hostile enchantments, very
unstealthy
A: antennae 1, fangs 3, see invisible, berserk 1, deformed body, mutation
resistance 1, regeneration 2, wild magic 1, magic shield, antimagic bite, no
device heal 3, rot immunity
a: Berserk, Trog's Hand, Burn Spellbooks, Renounce Religion


You were on level 11 of the Dungeon.
You worshipped Trog.
Trog was most pleased with you.
You were fainting.

You visited 1 branch of the dungeon, and saw 11 of its levels.
You also visited: Sewer.

You collected 279 gold pieces.

Inventory:

Hand Weapons
 w - a +0 war axe (weapon)
Armour
 b - a +2 helmet
 h - a cursed +0 ring mail (worn)
 r - a +0 pair of boots (worn)
 s - a +0 chain mail
 x - a +0 plate armour
Jewellery
 d - a cursed -3 ring of dexterity (left hand)
Wands
 a - a wand of digging (10)
Scrolls
 g - a scroll of noise
 m - a scroll of recharging
Potions
 e - 2 potions of heal wounds
 f - a potion of ambrosia {unknown}
 j - 2 potions of agility {unknown}
 l - a potion of berserk rage {unknown}
 p - a potion of mutation {unknown}
 q - 2 potions of curing {unknown}
 t - 4 potions of might
 u - a potion of degeneration {unknown}
Miscellaneous
 i - a disc of storms
Comestibles
 c - 7 bread rations
 k - 4 fruits
 o - a meat ration
 v - a royal jelly


   Skills:
 + Level 5.9 Fighting
 * Level 8.2 Axes
 + Level 5.2 Armour
 - Level 1.5 Dodging
 + Level 2.5 Evocations


You had 8 spell levels left.
You didn't know any spells.

Dungeon Overview and Level Annotations

Branches:
Dungeon (11/15)
 Temple: D:4-7         Lair: D:8-11         Orc: D:9-12

Altars:
Cheibriados
Nemelex Xobeh
Qazlal
Ru
Trog
Vehumet

Shops:
D:10 =


Innate Abilities, Weirdness & Mutations

You have razor-sharp teeth.
You heal very quickly.
When hurt, damage is shared between your health and your magic reserves.
Your bite disrupts and absorbs the magic of your enemies.
Potions and wands cannot restore your health.
You are immune to rotting.
You have a pair of small antennae on your head.
You have supernaturally acute eyesight.
You tend to lose your temper in combat.
Armour fits poorly on your strangely shaped body.
You are somewhat resistant to further mutation.
Your spells are a little harder to cast, but a little more powerful.


Message History

You lose consciousness!
The hungry ghost hits you.
You feel slightly more hungry. The hungry ghost hits you.
You feel slightly more hungry. The hungry ghost hits you.
You feel slightly more hungry. The hungry ghost hits you.
You feel slightly more hungry. The hungry ghost hits you.
You feel slightly more hungry. The hungry ghost hits you.
You feel slightly more hungry. The hungry ghost hits you.
You feel slightly more hungry.
You can move again.
Unknown command.
Unknown command.
Unknown command.
You closely miss the hungry ghost.
The hungry ghost is almost destroyed.
The hungry ghost completely misses you.
You slash the hungry ghost!
You destroy the hungry ghost!
You lose consciousness!
You have starved to death.
You die...

##.#.######
#......@..#
#.#######<#
#.# #.# #).
#.# #.# #.#
..#


There were no monsters in sight!

Vanquished Creatures
  Pikel (D:4)
  A hungry ghost (D:11)
  A wyvern (D:8)
  2 orc warriors
  2 slaves
  An ice beast (D:8)
  An ogre (D:5)
  3 sky beasts
  A crocodile (Sewer)
  A phantom (D:10)
  2 centaurs
  A big kobold (D:9)
  A giant frog (D:9)
  2 scorpions
  A crimson imp (D:10)
  A jelly (D:7)
  A hound (D:8)
  A giant frog skeleton (D:10)
  2 worker ants
  2 orc wizards (D:6)
  2 hound zombies
  4 adders
  4 gnolls (D:8)
  A shadow imp (D:5)
  4 giant geckos
  8 orcs
  2 ball pythons (D:5)
  4 giant cockroaches
  3 goblins
  A hobgoblin (D:2)
  4 kobolds
  6 bats
  2 giant newts
  8 jackals
  A quokka skeleton (D:5)
  8 rats
90 creatures vanquished.

Notes
Turn   | Place    | Note
--------------------------------------------------------------
     0 | D:1      | 4thArraOfDagon the Vine Stalker Berserker began the quest for the Orb.
     0 | D:1      | Reached XP level 1. HP: 11/11 MP: 2/2
   113 | D:1      | Reached skill level 3 in Axes
   144 | D:1      | Reached XP level 2. HP: 16/16 MP: 3/3
   330 | D:2      | Reached XP level 3. HP: 19/19 MP: 4/4
   414 | D:4      | Found a snail-covered altar of Cheibriados.
   414 | D:4      | Noticed Pikel
   414 | D:4      | Noticed a slave
   414 | D:4      | Noticed a slave
   414 | D:4      | Noticed a slave
   414 | D:4      | Noticed a slave
   425 | D:3      | Killed a slave
   486 | D:3      | Reached ** piety under Trog
   565 | D:3      | Found a stormy altar of Qazlal.
   667 | D:4      | Killed a slave
   674 | D:4      | Killed Pikel
   674 | D:4      | Reached skill level 4 in Fighting
   674 | D:4      | Reached skill level 5 in Axes
   674 | D:4      | Reached XP level 4. HP: 25/25 MP: 5/5
   674 | D:4      | Reached XP level 5. HP: 29/29 MP: 6/6
   674 | D:4      | Gained mutation: You heal very quickly. [Vine Stalker growth]
   674 | D:4      | Reached XP level 6. HP: 33/33 MP: 7/7
   674 | D:4      | Reached XP level 7. HP: 37/37 MP: 8/8
   691 | D:4      | Found a sacrificial altar of Ru.
   702 | D:5      | Entered Level 5 of the Dungeon
   719 | D:4      | Found a sparkling altar of Nemelex Xobeh.
   795 | D:5      | Reached skill level 6 in Axes
   799 | D:5      | Gained mutation: Your spells are a little harder to cast, but a little more powerful. [mutagenic meat]
   800 | D:5      | Gained mutation: Armour fits poorly on your strangely shaped body. [mutagenic meat]
   801 | D:5      | Gained mutation: You tend to lose your temper in combat. [mutagenic meat]
   802 | D:5      | Gained mutation: You have a pair of small antennae on your head. [mutagenic meat]
   803 | D:5      | Gained mutation: You are somewhat resistant to further mutation. [mutagenic meat]
   806 | D:5      | Gained mutation: You have supernaturally acute eyesight. [mutagenic meat]
   983 | D:5      | Found a glowing drain.
  1000 | Sewer    | Entered a sewer
  1029 | Sewer    | Gained mutation: You have razor-sharp teeth. [Vine Stalker growth]
  1029 | Sewer    | Reached XP level 8. HP: 42/42 MP: 9/9
  1284 | D:6      | Reached skill level 5 in Fighting
  1285 | D:6      | Reached *** piety under Trog
  1285 | D:6      | Reached skill level 7 in Axes
  1328 | D:7      | Found a radiant altar of Vehumet.
  1471 | D:8      | Found a bloodstained altar of Trog.
  1541 | D:8      | Reached skill level 1 in Evocations
  1603 | D:8      | Reached XP level 9. HP: 44/47 MP: 8/11
  1690 | D:9      | Reached skill level 5 in Armour
  1750 | D:10     | Entered Level 10 of the Dungeon
  1750 | D:10     | Found Yhiesah's Jewellery Shop.
  1760 | D:10     | Reached skill level 8 in Axes
  1868 | D:10     | Noticed a kobold demonologist
  1954 | D:11     | Starved to death

Action                   |  1- 3 |  4- 6 |  7- 9 || total
-------------------------+-------+-------+-------++-------
Melee: Hand axe          |    73 |       |    89 ||   162
       War axe           |       |       |   130 ||   130
Invok: Berserk           |     3 |       |     8 ||    11
       Trog's Hand       |       |       |     2 ||     2
  Use: Scroll            |       |       |     8 ||     8
  Eat: Chunk             |     1 |       |    28 ||    29
